 Dungeon Crawl Stone Soup version 0.26-b1-32-g5d43845318 (webtiles) character file.

Game seed: 13182305226992726836

43 raceaflais the Shield-Bearer (level 3, 0/29 HPs)
             Began as a Human Fighter on Jan 5, 2021.
             Slain by a goblin
             ... wielding a +0 club
             ... led by Robin
              (2 damage)
             ... on level 2 of the Dungeon.
             The game lasted 00:04:06 (924 turns).

raceaflais the Shield-Bearer (Human Fighter)         Turns: 924, Time: 00:04:07

Health: 0/29       AC:  6    Str: 17    XL:     3   Next: 82%
Magic:  3/3        EV:  7    Int:  8    God:
Gold:   44         SH:  9    Dex: 12    Spells: 2/2 levels left

rFire    . . .     SeeInvis .   a - +0 long sword
rCold    . . .     Faith    .   c - +0 kite shield
rNeg     . . .     Spirit   .   b - +0 scale mail
rPois    .         Reflect  .   (no helmet)
rElec    .         Harm     .   (no cloak)
rCorr    .         Rampage  .   (no gloves)
Will     .....                  (no boots)
Stlth    ..........             (no amulet)
HPRegen  0.09/turn              (no ring)
MPRegen  0.08/turn              (no ring)

@: brilliant
A: no striking features
a: no special abilities


You were on level 2 of the Dungeon.
You visited 1 branch of the dungeon, and saw 2 of its levels.

You collected 44 gold pieces.

Inventory:

Hand Weapons
 a - a +0 long sword (weapon)
Missiles
 g - 80 stones (quivered)
 h - 26 arrows
Armour
 b - a +0 scale mail (worn)
 c - a +0 kite shield (worn)
Jewellery
 d - a +4 ring of evasion
Scrolls
 f - 2 scrolls of identify
Potions
 i - a potion of curing


   Skills:
 + Level 3.4 Fighting
 + Level 2.4 Long Blades
 + Level 3.4 Armour
 + Level 3.4 Shields


You had 2 spell levels left.
You didn't know any spells.
Your spell library was empty.

Dungeon Overview and Level Annotations

Branches:
Dungeon (2/15)

Altars:


Message History

Robin is moderately wounded.
The goblin no longer looks unusually strong. x2
The kobold hits you. The goblin barely misses you.
Robin hits you but does no damage.
You slash Robin!
Robin is almost dead.
You block the kobold's attack. The goblin hits you but does no damage.
Robin roars a battlecry!
The goblins go into a battle-frenzy!
The kobold hits you but does no damage.
You hit Robin.
You kill Robin!
The goblin hits you but does no damage. You block the kobold's attack.
You slash the hobgoblin!
You kill the hobgoblin!
The goblin hits you with a +0 club!
* * * LOW HITPOINT WARNING * * *
The kobold closely misses you.
You barely miss the goblin. The goblin hits you with a +0 club.
You die...

**#..........#.#..#*
*##..K.........#..#
#..............#..#*
..###....†.........*
........†#†........**###****
##.......)####.#...,....,,,*
#.........((.#.##*.....^,,,*
..........##.(gK##......,,,*
.......>..#####g@g......,,,*
.............#####......,,,*
.........###...# *,.####****
.....)....#**#.#**,,#*
..........#* *,.,*,,,****
...........#****,,,,,,,,*
.........#..# ***,,,,*,****
.........##.#***,,,,,,,,,,,**
..............,,,,,,,,,,,,,,**


You could see 3 goblins and a kobold.

Vanquished Creatures
  Robin (D:2)
  A worm (D:2)
  A leopard gecko (D:1)
  A ball python (D:2)
  A giant cockroach (D:1)
  2 goblins
  3 hobgoblins
  6 jackals (D:2)
  2 bats (D:2)
  2 frilled lizards (D:1)
  4 kobolds
  4 rats
28 creatures vanquished.

Notes
Turn   | Place    | Note
-------+----------+-------------------------------------------
     0 | D:1      | raceaflais the Human Fighter began the quest for the Orb.
     0 | D:1      | Reached XP level 1. HP: 18/18 MP: 1/1
   277 | D:1      | Reached XP level 2. HP: 23/24 MP: 2/2
   411 | D:1      | You fall into a shaft and drop 1 floor!
   694 | D:2      | Reached XP level 3. HP: 27/29 MP: 3/3
   899 | D:2      | Noticed Robin
   922 | D:2      | Killed Robin
   923 | D:2      | HP: 1/29 [goblin/+0 club[Robin] (8)]
   924 | D:2      | Slain by a goblin

Illustrated notes

Levels and vault maps discovered:
D:1:      dpeg_arrival_line_fractal, layout_loops_cross, serial_rivers,
          chequers_serial_rivers_marsh, chequers_serial_rivers_micro_c,
          chequers_serial_rivers_micro_e, chequers_serial_rivers_large_a,
          chequers_serial_rivers_small_3, chequers_serial_rivers_micro_b,
          st_stairs_3
D:2:      layout_rooms, chequers_ecumenical_altar_twisty, uniq_robin

Action                   || total
-------------------------++-------
Melee: Long sword        ||   103
Throw: Stone             ||     7
  Use: Scroll            ||     4
       Potion            ||     4
Armor: Scale mail        ||    37
Dodge: Dodged            ||    25
Block: Kite shield       ||    48
       Rpst.: Long sword ||    12
